AAA EAST
TRI-CITY VALLEYCATS @ JACKSONVILLE JUMBO SHRIMP
07/24/2041
 
TOP OF THE 1ST
Tri-City ValleyCats batting - Pitching for Jacksonville Jumbo Shrimp : LHP Joe Curry
Pitching: LHP Joe Curry
Batting: RHB Frank Parry 0-0: Ball
1-0: Hit by Pitch
Batting: RHB Ed Vázquez 0-0: Bunt missed!
0-1: Sac Bunt to 2R - play at first, batter OUT! 2-3
Frank Parry to second
Batting: RHB Robbie Mayes 0-0: Fly out, F7 (Flyball, 78S, EV 91.9 MPH)
Batting: RHB Miguel Berger 0-0: Ball
1-0: Called Strike
1-1: Ground out U3 (Groundball, 3, EV 110.0 MPH)
Top of the 1st over - 0 runs, 0 hits, 0 errors, 1 left on base; Tri-City 0 - Jacksonville 0
BOTTOM OF THE 1ST
Jacksonville Jumbo Shrimp batting - Pitching for Tri-City ValleyCats : RHP Luis Valéncia
Pitching: RHP Luis Valéncia
Batting: RHB António Sandoval 0-0: Ball
1-0: Foul Ball, location: 2F
1-1: SINGLE (Line Drive, 8LS, EV 107.5 MPH)
Batting: RHB Danny Crowley 0-0: Ball
1-0: Bunt missed!
1-1: Ball
2-1: Sac Bunt to 23 - play at first, batter safe!
António Sandoval to second
Batting: LHB Danny King 0-0: Grounds out, U3 (Groundball, 3L, EV 110.0 MPH)
António Sandoval to third
Batting: LHB Juan Novoa 0-0: Ball
1-0: Called Strike
1-1: Called Strike
1-2: Strikes out swinging
Batting: RHB Sean Davidson 0-0: DOUBLE (Line Drive, 7LM, EV 103.8 MPH)
António Sandoval scores
Danny Crowley scores
Batting: RHB Kel Mearns 0-0: SINGLE (Groundball, 34D, EV 102.5 MPH)
Sean Davidson to third
Runner from 3rd tries for Home, SAFE, throw by RF to home
Batting: LHB Roger Lenoir 0-0: Ball
1-0: Swinging Strike
1-1: Called Strike
1-2: Ball
2-2: Fielders Choice at 2nd, U6 (Groundball, 6M, EV 88.1 MPH)
Bottom of the 1st over - 3 runs, 4 hits, 0 errors, 1 left on base; Tri-City 0 - Jacksonville 3
TOP OF THE 2ND
Tri-City ValleyCats batting - Pitching for Jacksonville Jumbo Shrimp : LHP Joe Curry
Batting: RHB António Castillo 0-0: Foul Ball, location: 5DF
0-1: Called Strike
0-2: Ball
1-2: Ball
2-2: Strikes out swinging
Batting: LHB Orlando Reyna 0-0: Called Strike
0-1: Ball
1-1: Foul Ball, location: 3FF
1-2: Ball
2-2: Ball
3-2: Fly out, F9 (Flyball, 9D, EV 111.9 MPH)
Batting: RHB Jim Unknown 0-0: Ball
1-0: Foul Ball, location: 9LMF
1-1: Called Strike
1-2: Ball
2-2: Foul Ball, location: 5F
2-2: Foul Ball, location: 5FF
2-2: Strikes out swinging
Top of the 2nd over - 0 runs, 0 hits, 0 errors, 0 left on base; Tri-City 0 - Jacksonville 3
BOTTOM OF THE 2ND
Jacksonville Jumbo Shrimp batting - Pitching for Tri-City ValleyCats : RHP Luis Valéncia
Batting: RHB Doug Miller 0-0: Called Strike
0-1: Swinging Strike
0-2: Foul Ball, location: 2F
0-2: Ball
1-2: Strikes out swinging
Batting: RHB Cristóbal Martínez 0-0: Ball
1-0: Swinging Strike
1-1: SINGLE (Groundball, 6MD, EV 103.8 MPH)
Batting: RHB António Sandoval 0-0: Swinging Strike
0-1: Foul Ball, location: 25F
0-2: Strikes out swinging
Batting: RHB Danny Crowley 0-0: Fly out, F7 (Flyball, 7, EV 86.3 MPH)
Bottom of the 2nd over - 0 runs, 1 hit, 0 errors, 1 left on base; Tri-City 0 - Jacksonville 3
TOP OF THE 3RD
Tri-City ValleyCats batting - Pitching for Jacksonville Jumbo Shrimp : LHP Joe Curry
Batting: RHB Jim Unknown 0-0: Ball
1-0: Called Strike
1-1: Foul Ball, location: 2F
1-2: Ball
2-2: Strikes out swinging
Batting: RHB Jim Unknown 0-0: Called Strike
0-1: Ball
1-1: Foul Ball, location: 2F
1-2: Ball
2-2: Strikes out swinging
Batting: RHB Frank Parry 0-0: Called Strike
0-1: Ball
1-1: Ball
2-1: Foul Ball, location: 2F
2-2: Strikes out swinging
Top of the 3rd over - 0 runs, 0 hits, 0 errors, 0 left on base; Tri-City 0 - Jacksonville 3
BOTTOM OF THE 3RD
Jacksonville Jumbo Shrimp batting - Pitching for Tri-City ValleyCats : RHP Luis Valéncia
Batting: LHB Danny King 0-0: Ball
1-0: Ball
2-0: Fly out, F8 (Flyball, 78D, EV 93.1 MPH)
Batting: LHB Juan Novoa 0-0: Ball
1-0: Foul Ball, location: 2F
1-1: Foul Ball, location: 2F
1-2: Ball
2-2: SINGLE (Line Drive, 7LS, EV 107.5 MPH)
Batting: RHB Sean Davidson 0-0: Called Strike
0-1: Ball
1-1: Ball
2-1: Called Strike
2-2: Foul Ball, location: 3SF
2-2: Ball
3-2: Base on Balls
Juan Novoa to second
Batting: RHB Kel Mearns 0-0: Called Strike
Juan Novoa steals 3rd, throwing error, E2
Juan Novoa to third
Juan Novoa scores
Sean Davidson to third
0-1: Fly out, F8 (Flyball, 8LD, EV 108.1 MPH)
Runner from 3rd tags up, OUT at HOME! 8-2
Bottom of the 3rd over - 1 run, 1 hit, 1 error, 0 left on base; Tri-City 0 - Jacksonville 4
TOP OF THE 4TH
Tri-City ValleyCats batting - Pitching for Jacksonville Jumbo Shrimp : LHP Joe Curry
Batting: RHB Ed Vázquez 0-0: Foul Ball, location: 23FF
0-1: Called Strike
0-2: Ball
1-2: Foul Ball, location: 23F
1-2: Fly out, F9 (Flyball, 9S, EV 79.4 MPH)
Batting: RHB Robbie Mayes 0-0: Called Strike
0-1: Called Strike
0-2: Foul Ball, location: 9LDF
0-2: Fly out, F8 (Flyball, 8LD, EV 86.9 MPH)
Batting: RHB Miguel Berger 0-0: Ball
1-0: Called Strike
1-1: Ball
2-1: Foul Ball, location: 2F
2-2: Foul Ball, location: 5FF
2-2: Fly out, F8 (Flyball, 8RD, EV 103.1 MPH)
Top of the 4th over - 0 runs, 0 hits, 0 errors, 0 left on base; Tri-City 0 - Jacksonville 4
BOTTOM OF THE 4TH
Jacksonville Jumbo Shrimp batting - Pitching for Tri-City ValleyCats : RHP Luis Valéncia
Batting: LHB Roger Lenoir 0-0: Ball
1-0: Fly out, F9 (Flyball, 9LS, EV 86.3 MPH)
Batting: RHB Doug Miller 0-0: Ball
1-0: Swinging Strike
1-1: Ball
2-1: Foul Ball, location: 9LSF
2-2: Strikes out looking
Batting: RHB Cristóbal Martínez 0-0: Called Strike
0-1: Ball
1-1: Swinging Strike
1-2: Ball
2-2: Ball
3-2: Ground out U3 (Groundball, 13, EV 87.5 MPH)
Bottom of the 4th over - 0 runs, 0 hits, 0 errors, 0 left on base; Tri-City 0 - Jacksonville 4
TOP OF THE 5TH
Tri-City ValleyCats batting - Pitching for Jacksonville Jumbo Shrimp : LHP Joe Curry
Batting: RHB António Castillo 0-0: Fly out, F6 (Line Drive, 56D, EV 86.9 MPH)
Batting: LHB Orlando Reyna 0-0: Foul Ball, location: 2F
0-1: Foul Ball, location: 3F
0-2: Foul Ball, location: 7LMF
0-2: Ground out 4-3 (Groundball, 34D, EV 98.8 MPH)
Batting: RHB Jim Unknown 0-0: Ball
1-0: Ground out U3 (Groundball, 3L, EV 86.9 MPH)
Top of the 5th over - 0 runs, 0 hits, 0 errors, 0 left on base; Tri-City 0 - Jacksonville 4
BOTTOM OF THE 5TH
Jacksonville Jumbo Shrimp batting - Pitching for Tri-City ValleyCats : RHP Luis Valéncia
Batting: RHB António Sandoval 0-0: DOUBLE (Line Drive, 9LM, EV 106.9 MPH)
Batting: RHB Danny Crowley 0-0: DOUBLE (Line Drive, 7LM, EV 90.0 MPH)
António Sandoval scores
Pitching: RHP Luis Díaz
Batting: LHB Danny King 0-0: Ball
1-0: Ball
2-0: Ball
3-0: Ground out U3 (Groundball, 3, EV 103.8 MPH)
Danny Crowley to third
Batting: LHB Juan Novoa 0-0: Ball
1-0: Swinging Strike
1-1: Foul Ball, location: 2F
1-2: Ball
2-2: Foul Ball, location: 5SF
2-2: Ball
3-2: Strikes out swinging
Batting: RHB Sean Davidson 0-0: Ball
1-0: Ball
2-0: Called Strike
2-1: Ball
3-1: Fly out, F8 (Line Drive, 8RM, EV 86.9 MPH)
Bottom of the 5th over - 1 run, 2 hits, 0 errors, 1 left on base; Tri-City 0 - Jacksonville 5
TOP OF THE 6TH
Tri-City ValleyCats batting - Pitching for Jacksonville Jumbo Shrimp : LHP Joe Curry
Batting: RHB Jim Unknown 0-0: Foul Ball, location: 23FF
0-1: Swinging Strike
0-2: Foul Ball, location: 2F
0-2: Strikes out swinging
Batting: RHB Jim Unknown 0-0: Called Strike
0-1: Ball
1-1: Swinging Strike
1-2: Fly out, F7 (Flyball, 7D, EV 101.3 MPH)
Batting: RHB Frank Parry 0-0: Ball
1-0: Foul Ball, location: 23FF
1-1: Fly out, F9 (Flyball, 9, EV 91.9 MPH)
Top of the 6th over - 0 runs, 0 hits, 0 errors, 0 left on base; Tri-City 0 - Jacksonville 5
BOTTOM OF THE 6TH
Jacksonville Jumbo Shrimp batting - Pitching for Tri-City ValleyCats : RHP Luis Díaz
Batting: RHB Kel Mearns 0-0: Called Strike
0-1: SINGLE (Line Drive, 6D, EV 98.8 MPH)
Batting: LHB Roger Lenoir 0-0: Ball
1-0: Ball
2-0: Ball
3-0: Base on Balls
Kel Mearns to second
Batting: RHB Doug Miller 0-0: Ball
1-0: Called Strike
1-1: Ball
2-1: Ball
3-1: Base on Balls
Kel Mearns to third
Roger Lenoir to second
Batting: RHB Cristóbal Martínez 0-0: Ball
1-0: DOUBLE (Line Drive, 78M, EV 103.8 MPH)
Kel Mearns scores
Roger Lenoir scores
Doug Miller to third
Batting: RHB António Sandoval 0-0: Foul Ball, location: 9LDF
0-1: Ball
1-1: Fly out, F9 (Line Drive, 9LS, EV 103.8 MPH)
Batting: RHB Danny Crowley 0-0: Ball
1-0: Called Strike
1-1: Ground out 6-3 (Groundball, 6S, EV 61.3 MPH)
Doug Miller scores
Batting: LHB Danny King 0-0: Foul Ball, location: 3F
0-1: SINGLE (Groundball, 34D, EV 94.4 MPH) (infield hit)
Cristóbal Martínez to third
Batting: LHB Juan Novoa 0-0: Fly out, F6 (Line Drive, 6, EV 68.1 MPH)
Bottom of the 6th over - 3 runs, 3 hits, 0 errors, 2 left on base; Tri-City 0 - Jacksonville 8
TOP OF THE 7TH
Tri-City ValleyCats batting - Pitching for Jacksonville Jumbo Shrimp : LHP Joe Curry
Batting: RHB Ed Vázquez 0-0: Called Strike
0-1: Swinging Strike
0-2: Ball
1-2: Ball
2-2: Ball
3-2: Base on Balls
Pinch Hitting: SHB Jim Unknown 0-0: Foul Ball, location: 2F
0-1: Swinging Strike
0-2: Strikes out swinging
Batting: RHB Miguel Berger 0-0: Ball
Ed Vázquez steals 2nd base (no throw)
1-0: Ball
2-0: 2-RUN HOME RUN (Flyball, 7D, EV 95.6 MPH), Distance : 374 ft
Batting: RHB António Castillo 0-0: Ball
1-0: Ball
2-0: Ball
3-0: Base on Balls
Batting: LHB Orlando Reyna 0-0: 2-RUN HOME RUN (Flyball, 9D, EV 95.0 MPH), Distance : 370 ft
Batting: RHB Jim Unknown 0-0: Called Strike
0-1: Ball
1-1: Ball
2-1: Ground out 6-3 (Groundball, 6, EV 82.5 MPH)
Batting: RHB Jim Unknown 0-0: Ball
1-0: Called Strike
1-1: Foul Ball, location: 23F
1-2: Ball
2-2: Foul Ball, location: 7LSF
2-2: Foul Ball, location: 2F
2-2: Foul Ball, location: 2F
2-2: Foul Ball, location: 3F
2-2: SINGLE (Line Drive, 8RS, EV 90.0 MPH)
Batting: RHB Jim Unknown 0-0: Ball
1-0: Ball
2-0: Called Strike
2-1: Called Strike
2-2: Strikes out swinging
Top of the 7th over - 4 runs, 3 hits, 0 errors, 1 left on base; Tri-City 4 - Jacksonville 8
BOTTOM OF THE 7TH
Jacksonville Jumbo Shrimp batting - Pitching for Tri-City ValleyCats : RHP Luis Díaz
Pitching: RHP Anselmo Galindo
Now at 1B: Bo Wilson
Batting: RHB Sean Davidson 0-0: Ball
1-0: Called Strike
1-1: Called Strike
1-2: Ball
2-2: Foul Ball, location: 23FF
2-2: Ball
3-2: Base on Balls
Batting: RHB Kel Mearns 0-0: Foul Ball, location: 2F
0-1: Ball
1-1: Called Strike
1-2: DOUBLE (Flyball, 8RXD, EV 106.9 MPH)
Sean Davidson to third
Batting: LHB Roger Lenoir 0-0: Ball
1-0: Called Strike
1-1: Ball
2-1: 3-RUN HOME RUN (Flyball, 9D, EV 104.4 MPH), Distance : 388 ft
Batting: RHB Doug Miller 0-0: Called Strike
0-1: Ground out 1-3 (Groundball, 34S, EV 70.6 MPH)
Batting: RHB Cristóbal Martínez 0-0: SOLO HOME RUN (Line Drive, 9D, EV 100.6 MPH), Distance : 393 ft
Pitching: RHP Pancho Marte
Batting: RHB António Sandoval 0-0: Ball
1-0: Ball
2-0: Called Strike
2-1: Foul Ball, location: 9LDF
2-2: Foul Ball, location: 5F
2-2: Strikes out looking
Batting: RHB Danny Crowley 0-0: Called Strike
0-1: Ground out 4-3 (Groundball, 4S, EV 88.8 MPH)
Bottom of the 7th over - 4 runs, 3 hits, 0 errors, 0 left on base; Tri-City 4 - Jacksonville 12
TOP OF THE 8TH
Tri-City ValleyCats batting - Pitching for Jacksonville Jumbo Shrimp : LHP Joe Curry
Pinch Hitting: RHB Jim Unknown 0-0: Called Strike
0-1: Ball
1-1: Swinging Strike
1-2: Ball
2-2: Strikes out swinging
Batting: RHB Ed Vázquez 0-0: Ball
1-0: Called Strike
1-1: Called Strike
1-2: Ball
2-2: Ball
3-2: Base on Balls
Batting: RHB Bo Wilson 0-0: Called Strike
0-1: Ball
1-1: Ball
2-1: Ball
3-1: Grounds into double play, 4-6-3 (Groundball, 4, EV 85.6 MPH)
Top of the 8th over - 0 runs, 0 hits, 0 errors, 0 left on base; Tri-City 4 - Jacksonville 12
BOTTOM OF THE 8TH
Jacksonville Jumbo Shrimp batting - Pitching for Tri-City ValleyCats : RHP Pancho Marte
Now at 2B: Jim Unknown
Batting: LHB Danny King 0-0: Ball
1-0: Ball
2-0: Ball
3-0: Called Strike
3-1: Swinging Strike
3-2: Foul Ball, location: 2F
3-2: Base on Balls
Batting: LHB Juan Novoa 0-0: Ball
1-0: Ball
2-0: Called Strike
2-1: Grounds into double play, 6-4-3 (Groundball, 6, EV 78.1 MPH)
Batting: RHB Sean Davidson 0-0: Ground out 4-3 (Groundball, 4, EV 78.8 MPH)
Bottom of the 8th over - 0 runs, 0 hits, 0 errors, 0 left on base; Tri-City 4 - Jacksonville 12
TOP OF THE 9TH
Tri-City ValleyCats batting - Pitching for Jacksonville Jumbo Shrimp : LHP Joe Curry
Pinch Hitting: RHB Jim Unknown 0-0: Foul Ball, location: 2F
0-1: Ball
1-1: Ball
2-1: Ball
3-1: Called Strike
3-2: Foul Ball, location: 2F
3-2: Base on Balls
Pitching: RHP Johnny Hampton
Batting: RHB António Castillo 0-0: Called Strike
0-1: Ball
1-1: Ball
2-1: Foul Ball, location: 5F
2-2: Foul Ball, location: 2F
2-2: Ball
3-2: Base on Balls
Jim Unknown to second
Pinch Hitting: RHB Jim Unknown 0-0: Ball
1-0: Foul Ball, location: 7LMF
1-1: Ball
2-1: Ball
3-1: Base on Balls
Jim Unknown to third
António Castillo to second
Batting: RHB Jim Unknown 0-0: Swinging Strike
0-1: Ball
1-1: Foul Ball, location: 2F
1-2: Ball
2-2: Ball
3-2: Foul Ball, location: 5F
3-2: Foul Ball, location: 5DF
3-2: SINGLE (Groundball, 6MD, EV 100.0 MPH)
Jim Unknown scores
António Castillo to third
Jim Unknown to second
Batting: RHB Jim Unknown 0-0: Ball
1-0: SINGLE (Groundball, 34, EV 100.0 MPH)
António Castillo scores
Jim Unknown to third
Jim Unknown to second
Batting: RHB Jim Unknown 0-0: Called Strike
0-1: Swinging Strike
0-2: Ball
1-2: Foul Ball, location: 2RF
1-2: Strikes out swinging
Batting: RHB Jim Unknown 0-0: Ball
1-0: Grounds into fielders choice 4-2 (Groundball, 4, EV 70.0 MPH)
Jim Unknown to third
Jim Unknown to second
Batting: RHB Ed Vázquez 0-0: Foul Ball, location: 2F
0-1: SINGLE (Line Drive, 34D, EV 107.5 MPH)
Jim Unknown scores
Jim Unknown to third
Jim Unknown to second
Batting: RHB Bo Wilson 0-0: Ball
1-0: Called Strike
1-1: Ball
2-1: Ball
3-1: Base on Balls
Jim Unknown scores
Jim Unknown to third
Ed Vázquez to second
Pitching: RHP Dan Morrow
Batting: RHB Jim Unknown 0-0: Foul Ball, location: 2F
0-1: Swinging Strike
0-2: Ball
1-2: Foul Ball, location: 3F
1-2: Strikes out swinging
Top of the 9th over - 4 runs, 3 hits, 0 errors, 3 left on base; Tri-City 8 - Jacksonville 12
Monday, April 1st , 2024 - OOTP Baseball 24.10 Build 82